 Dungeon Crawl Stone Soup version 0.29.0-4-gdea44cf6ec (webtiles) character file.

Game seed: 9104078298532871774

3332 qw the Grappler (level 9, 0/83 HPs)
             Began as a Troll Cinder Acolyte on Aug 31, 2022.
             Was a Priest of Ignis.
             Slain by an orc warrior
             ... wielding a +0 flail
              (2 damage)
             ... on level 8 of the Dungeon.
             The game lasted 00:03:19 (4720 turns).

qw the Grappler (Troll Cinder Acolyte)              Turns: 4720, Time: 00:03:19

Health: 0/83       AC: 15    Str: 28    XL:     9   Next: 71%
Magic:  9/9        EV:  8    Int: 10    God:    Ignis [***...]
Gold:   145        SH:  8    Dex:  5    Spells: 10/10 levels left

rFire   + . .      SeeInvis .     - Unarmed
rCold   . . .      Faith    .   b - +0 kite shield {AC+3}
rNeg    . . .      Spirit   .   a - +0 robe
rPois   .          Reflect  .   (helmet restricted)
rElec   .          Harm     .   f - +0 cloak
rCorr   +          Rampage  .   (gloves unavailable)
Will    .....                   (boots unavailable)
Stlth   +.........              (no amulet)
HPRegen 1.03/turn               i - ring of resist corrosion
MPRegen 0.11/turn               (no ring)

@: fiery-armoured
A: large, unfitting armour, claws 3, regeneration 1, shaggy fur 1, tough skin 1,
fangs 1, noise suppression
a: Renounce Religion, Fiery Armour, Foxfire Swarm, Rising Flame


You were on level 8 of the Dungeon.
You worshipped Ignis.
Ignis was most pleased with you.
You visited 1 branch of the dungeon, and saw 8 of its levels.

You collected 223 gold pieces.
You spent 78 gold pieces at shops.


Innate Abilities, Weirdness & Mutations

You are too large for most types of armour.
You have claws for hands.
Your natural rate of healing is unusually fast.
You are covered in fur. (AC +1)
You have tough skin. (AC +1)
You have very sharp teeth.
You passively dampen the noise of your surroundings.


   Skills:
 - Level 3.4 Fighting
 - Level 3.4 Throwing
 - Level 3.8 Dodging
 - Level 7.0 Shields
 + Level 9.6 Unarmed Combat
 - Level 1.0 Spellcasting
 - Level 2.1 Fire Magic


You had 10 spell levels left.
You didn't know any spells.
Your spell library contained the following spells:

 Spells                   Type           Power      Damage    Failure   Level
 Scorch                   Fire           8%         2d5       41%         2

Inventory:

Missiles
 l - 6 javelins
 m - a large rock (quivered)
 q - 4 boomerangs
Armour
 a - a +0 robe (worn)
 b - a +0 kite shield of protection (worn)
 f - a +0 cloak (worn)
Jewellery
 i - a ring of resist corrosion (left claw)
Scrolls
 d - a scroll of enchant weapon
 h - a scroll of brand weapon
 j - a scroll of identify
Potions
 e - a potion of resistance
 g - 2 potions of mutation
 k - a potion of haste
 p - a potion of degeneration {unknown}
 r - a potion of ambrosia {unknown}
 s - 2 potions of curing

Dungeon Overview and Level Annotations

Branches:
Dungeon (8/15)             Temple (0/1) D:6
   Lair: D:8-11

Altars:
Dithmenos
Gozag
Ru
Sif Muna
Uskayaw
Vehumet
Wu Jian

Shops:
D:5 (*

Annotations:
D:7 4 runed translucent doors, Crazy Yiuf; qw's ghost, novice TeWr


Message History

You miss the killer bee.
The killer bee is heavily wounded.
You feel sick.
The killer bee stings you but does no damage.
The killer bee is burned by your cloak of flames.
The killer bee is almost dead.
You barely miss the killer bee. Your bite misses the killer bee.
The killer bee is almost dead.
You feel sick. You block the killer bee's attack.
An orc priest comes into view. It is wielding a +0 short sword.
The orc hits you from afar with a +0 trident.
The killer bee stings you but does no damage.
The killer bee is burned by your cloak of flames.
You kill the killer bee!
You feel sick.
The orc priest shouts!
The orc barely misses you.
An orc warrior comes into view. It is wielding a +0 flail.
You see here a killer bee corpse.
The orc warrior shouts!
You scratch the orc.
The orc is moderately wounded.
You feel sick. The orc hits you but does no damage.
The orc is burned by your cloak of flames.
You kill the orc!
A wight comes into view. It is wielding a +4 short sword.
You feel sick.
A wight comes into view. It is wielding a +3 halberd.
Things that are here:
a +0 trident; a killer bee corpse You feel sick.
You block the orc priest's attack.
You mangle the orc priest!!
You kill the orc priest!
You feel sick.
You are no longer poisoned.
You claw the orc warrior!
The orc warrior is heavily wounded.
A wight comes into view. It is wielding a +0 long sword.
The orc warrior hits you with a +0 flail.
You die...

...# ####
...... ######
.## .... ####
....z##..# ###
z........##..#
.....zo@)%...#
#####....%...#
#........#
##.......~#
#..~...~~~#
#~~~~~~~~~#
~~~~.~~~.#~#
.##~...~..###
#.......#


You could see an orc warrior and 3 wights.

Vanquished Creatures
  A death yak (D:8)
  A wyvern (D:8)
  An orc warrior (D:6)
  4 black bears
  3 sky beasts
  An ogre (D:4)
  3 phantoms
  A centaur (D:7)
  5 scorpions
  A necrophage (D:7)
  4 wights (D:6)
  3 killer bees (D:8)
  A howler monkey (D:6)
  3 hounds
  A jelly (D:5)
  3 orc priests
  6 iguanas
  5 orc wizards
  4 gnolls (D:6)
  8 adders
  A shadow imp (D:5)
  2 ufetubi
  A worm (D:2)
  A dart slug (D:4)
  31 orcs
  11 ball pythons
  8 endoplasms
  4 giant cockroaches
  10 goblins
  10 hobgoblins
  10 jackals
  9 kobolds
  2 quokkas
  7 bats
  2 frilled lizards
  7 rats
175 creatures vanquished.

Vanquished Creatures (others)
  A plant (D:2)
1 creature vanquished.

Grand Total: 176 creatures vanquished

Notes
Turn   | Place    | Note
-------+----------+-------------------------------------------
     0 | D:1      | qw the Troll Cinder Acolyte began the quest for the Orb.
     0 | D:1      | Reached XP level 1. HP: 22/22 MP: 1/1
     0 | D:1      | 0 ||| qw: Version: 0.1-a-97-g2dd2ca4
     0 | D:1      | 0 ||| qw: Game counter: 4668
     0 | D:1      | 0 ||| qw: Always use a shield: true
     0 | D:1      | 0 ||| qw: God list: Okawaru
     0 | D:1      | 0 ||| qw: Allow faded altars: false
     0 | D:1      | 0 ||| qw: Do Orc after D:15 true
     0 | D:1      | 0 ||| qw: Do second Lair branch before Depths: true
     0 | D:1      | 0 ||| qw: Lair rune preference: random
     0 | D:1      | 0 ||| qw: Plans: Normal
     0 | D:1      | 0 ||| PLANNING D:1-11
    28 | D:1      | 28 ||| Stepping ~*~*~tactically~*~*~ (stealth).
   144 | D:1      | Reached XP level 2. HP: 29/29 MP: 2/2
   407 | D:1      | 407 ||| Stepping ~*~*~tactically~*~*~ (stealth).
   414 | D:1      | Reached skill level 4 in Unarmed Combat
   634 | D:1      | Reached XP level 3. HP: 33/36 MP: 3/3
   888 | D:2      | 888 ||| STAIRDANCE
   991 | D:2      | 991 ||| Stepping ~*~*~tactically~*~*~ (stealth).
   997 | D:2      | 997 ||| Stepping ~*~*~tactically~*~*~ (stealth).
  1008 | D:2      | 1008 ||| Stepping ~*~*~tactically~*~*~ (stealth).
  1033 | D:2      | You fall into a shaft and drop 1 floor!
  1034 | D:3      | 1034 ||| DROPPING ring of wizardry.
  1035 | D:3      | 1035 ||| READING scroll labelled MIQAQA ITUGIT.
  1043 | D:3      | 1043 ||| Stepping ~*~*~tactically~*~*~ (stealth).
  1060 | D:2      | 1060 ||| Stepping ~*~*~tactically~*~*~ (stealth).
  1063 | D:2      | 1063 ||| Stepping ~*~*~tactically~*~*~ (stealth).
  1067 | D:2      | 1067 ||| Stepping ~*~*~tactically~*~*~ (stealth).
  1115 | D:2      | Reached XP level 4. HP: 39/44 MP: 4/4
  1126 | D:2      | Reached skill level 5 in Unarmed Combat
  1127 | D:2      | 1127 ||| Stepping ~*~*~tactically~*~*~ (stealth).
  1158 | D:2      | 1158 ||| Stepping ~*~*~tactically~*~*~ (stealth).
  1159 | D:2      | 1159 ||| Stepping ~*~*~tactically~*~*~ (stealth).
  1160 | D:2      | 1160 ||| Stepping ~*~*~tactically~*~*~ (stealth).
  1165 | D:2      | 1165 ||| Stepping ~*~*~tactically~*~*~ (outnumbered).
  1167 | D:2      | 1167 ||| Stepping ~*~*~tactically~*~*~ (outnumbered).
  1175 | D:2      | 1175 ||| Stepping ~*~*~tactically~*~*~ (stealth).
  1205 | D:2      | 1205 ||| Stepping ~*~*~tactically~*~*~ (stealth).
  1218 | D:2      | Found a faded altar of an unknown god.
  1341 | D:2      | 1341 ||| Stepping ~*~*~tactically~*~*~ (outnumbered).
  1348 | D:2      | 1348 ||| Stepping ~*~*~tactically~*~*~ (outnumbered).
  1472 | D:2      | 1472 ||| Stepping ~*~*~tactically~*~*~ (stealth).
  1473 | D:2      | 1473 ||| Stepping ~*~*~tactically~*~*~ (stealth).
  1505 | D:2      | 1505 ||| Stepping ~*~*~tactically~*~*~ (stealth).
  1546 | D:2      | 1546 ||| UPGRADING to +0 cloak.
  1551 | D:2      | 1551 ||| READING scroll labelled MIXIZA WACKEDONN.
  1552 | D:2      | 1552 ||| READING scroll labelled YREOHI RAASIE.
  1575 | D:3      | 1575 ||| STAIRDANCE
  1610 | D:3      | 1610 ||| Stepping ~*~*~tactically~*~*~ (stealth).
  1706 | D:3      | 1706 ||| Stepping ~*~*~tactically~*~*~ (stealth).
  1708 | D:3      | 1708 ||| INVOKING Fiery Armour.
  1709 | D:3      | 1709 ||| Stepping ~*~*~tactically~*~*~ (stealth).
  1713 | D:3      | 1713 ||| Stepping ~*~*~tactically~*~*~ (stealth).
  1845 | D:3      | Found a shimmering blue altar of Sif Muna.
  1845 | D:3      | Found a radiant altar of Vehumet.
  2025 | D:3      | 2025 ||| READING scroll labelled LOUMAO TABAMIJOG.
  2026 | D:3      | 2026 ||| READING scroll labelled KOYROW QICAOQ.
  2027 | D:3      | 2027 ||| READING 2 scrolls labelled LEXIOM GEOMEI.
  2028 | D:3      | 2028 ||| DRINKING 3 fuming ruby potions.
  2053 | D:3      | 2053 ||| DRINKING 2 orange potions.
  2053 | D:3      | Gained mutation: Armour fits poorly on your strangely
                  | shaped body. [potion of mutation]
  2053 | D:3      | Gained mutation: You are partially covered in iridescent
                  | scales. (AC +2) [potion of mutation]
  2053 | D:3      | Gained mutation: You are mostly covered in iridescent
                  | scales. (AC +4) [potion of mutation]
  2054 | D:3      | 2054 ||| DRINKING potion of mutation.
  2054 | D:3      | Lost mutation: You are mostly covered in iridescent scales.
                  | (AC +4) [potion of mutation]
  2054 | D:3      | Lost mutation: Armour fits poorly on your strangely shaped
                  | body. [potion of mutation]
  2054 | D:3      | Lost mutation: You are partially covered in iridescent
                  | scales. (AC +2) [potion of mutation]
  2054 | D:3      | Gained mutation: You have very sharp teeth. [potion of
                  | mutation]
  2054 | D:3      | Gained mutation: You passively dampen the noise of your
                  | surroundings. [potion of mutation]
  2055 | D:3      | 2055 ||| READING 2 scrolls of identify.
  2055 | D:3      | 2055 ||| IDENTIFYING silvery potion
  2056 | D:3      | 2056 ||| DROPPING potion of attraction.
  2057 | D:3      | 2057 ||| DROPPING 2 potions of lignification.
  2058 | D:3      | 2058 ||| DROPPING scroll of noise.
  2087 | D:4      | Noticed a scorpion
  2097 | D:4      | Killed a scorpion
  2098 | D:4      | Reached skill level 6 in Unarmed Combat
  2098 | D:4      | Reached XP level 5. HP: 50/50 MP: 5/5
  2099 | D:4      | Noticed an ogre
  2100 | D:4      | Noticed a phantom
  2107 | D:4      | Killed an ogre
  2108 | D:4      | Reached XP level 6. HP: 59/59 MP: 6/6
  2115 | D:4      | Reached skill level 7 in Unarmed Combat
  2286 | D:4      | Reached skill level 8 in Unarmed Combat
  2340 | D:4      | 2340 ||| Stepping ~*~*~tactically~*~*~ (outnumbered).
  2348 | D:4      | Reached XP level 7. HP: 66/66 MP: 7/7
  2355 | D:4      | 2355 ||| Stepping ~*~*~tactically~*~*~ (stealth).
  2362 | D:4      | 2362 ||| Stepping ~*~*~tactically~*~*~ (stealth).
  2394 | D:4      | 2394 ||| Stepping ~*~*~tactically~*~*~ (stealth).
  2398 | D:4      | Reached skill level 3 in Fighting
  2454 | D:4      | 2454 ||| Stepping ~*~*~tactically~*~*~ (hiding).
  2477 | D:4      | 2477 ||| Stepping ~*~*~tactically~*~*~ (hiding).
  2757 | D:4      | 2757 ||| READING scroll labelled ICELAIGUUK.
  2758 | D:4      | 2758 ||| READING scroll labelled XOT GOOTIOGUZE.
  2759 | D:4      | 2759 ||| READING 2 scrolls labelled WEK WOT KENGUF.
  2760 | D:4      | 2760 ||| READING scroll labelled NEPLAENEQI.
  2760 | D:4      | Identified a scroll of acquirement
  2760 | D:4      | 2760 ||| ACQUIRING +0 kite shield of protection
  2760 | D:4      | Acquired a +0 kite shield of protection
  2762 | D:4      | 2762 ||| UPGRADING to +0 kite shield of protection.
  2767 | D:4      | 2767 ||| READING 2 scrolls labelled TIETHAUDEL.
  2772 | D:4      | 2772 ||| DROPPING scroll of amnesia.
  2789 | D:5      | Entered Level 5 of the Dungeon
  2790 | D:5      | 2790 ||| Stepping ~*~*~tactically~*~*~ (hiding).
  2806 | D:5      | Found Japt's Assorted Antiques.
  2814 | D:5      | 2814 ||| BUYING emerald potion (18 gold).
  2814 | D:5      | Bought an emerald potion for 18 gold pieces
  2814 | D:5      | 2814 ||| BUYING emerald potion (18 gold).
  2814 | D:5      | Bought an emerald potion for 18 gold pieces
  2814 | D:5      | 2814 ||| BUYING scroll of identify (42 gold).
  2814 | D:5      | Bought a scroll of identify for 42 gold pieces
  2814 | D:5      | 2814 ||| SHOPLISTING scroll of teleportation (63 gold, have
                  | 46).
  2836 | D:5      | Found Rotioq's Weapon Boutique.
  2847 | D:5      | Reached skill level 1 in Shields
  2897 | D:5      | Found a shadowy altar of Dithmenos.
  2955 | D:5      | Reached skill level 1 in Throwing
  2955 | D:5      | Reached XP level 8. HP: 75/75 MP: 8/8
  3026 | D:5      | Reached skill level 3 in Shields
  3057 | D:5      | Found a sacrificial altar of Ru.
  3095 | D:5      | Found an opulent altar of Gozag.
  3153 | D:5      | 3153 ||| Stepping ~*~*~tactically~*~*~ (hiding).
  3164 | D:5      | 3164 ||| Stepping ~*~*~tactically~*~*~ (outnumbered).
  3174 | D:5      | 3174 ||| INVOKING Fiery Armour.
  3209 | D:5      | 3209 ||| Stepping ~*~*~tactically~*~*~ (stealth).
  3211 | D:5      | 3211 ||| Stepping ~*~*~tactically~*~*~ (stealth).
  3247 | D:5      | Found an ornate altar of the Wu Jian Council.
  3314 | D:5      | 3314 ||| UPGRADING to ring of resist corrosion.
  3315 | D:5      | 3315 ||| READING 2 scrolls labelled SOPTEO SUAKHU.
  3316 | D:5      | 3316 ||| DRINKING 2 purple potions.
  3317 | D:5      | 3317 ||| DRINKING 2 murky silvery potions.
  3318 | D:5      | 3318 ||| DRINKING 3 emerald potions.
  3319 | D:5      | 3319 ||| READING 2 scrolls of identify.
  3319 | D:5      | 3319 ||| IDENTIFYING bubbling ruby potion
  3320 | D:5      | 3320 ||| DROPPING potion of flight.
  3321 | D:5      | 3321 ||| DROPPING potion of invisibility.
  3322 | D:5      | 3322 ||| DROPPING scroll of poison.
  3323 | D:5      | 3323 ||| READING scroll of teleportation.
  3362 | D:6      | 3362 ||| Stepping ~*~*~tactically~*~*~ (hiding).
  3363 | D:6      | 3363 ||| Stepping ~*~*~tactically~*~*~ (hiding).
  3366 | D:6      | 3366 ||| Stepping ~*~*~tactically~*~*~ (hiding).
  3367 | D:6      | 3367 ||| Stepping ~*~*~tactically~*~*~ (hiding).
  3370 | D:6      | 3370 ||| Stepping ~*~*~tactically~*~*~ (hiding).
  3421 | D:6      | 3421 ||| Stepping ~*~*~tactically~*~*~ (stealth).
  3425 | D:6      | 3425 ||| Stepping ~*~*~tactically~*~*~ (stealth).
  3426 | D:6      | 3426 ||| Stepping ~*~*~tactically~*~*~ (stealth).
  3431 | D:6      | 3431 ||| Stepping ~*~*~tactically~*~*~ (outnumbered).
  3432 | D:6      | 3432 ||| Stepping ~*~*~tactically~*~*~ (outnumbered).
  3433 | D:6      | 3433 ||| INVOKING Fiery Armour.
  3436 | D:6      | 3436 ||| Stepping ~*~*~tactically~*~*~ (outnumbered).
  3437 | D:6      | 3437 ||| Stepping ~*~*~tactically~*~*~ (outnumbered).
  3438 | D:6      | 3438 ||| Stepping ~*~*~tactically~*~*~ (outnumbered).
  3439 | D:6      | 3439 ||| Stepping ~*~*~tactically~*~*~ (outnumbered).
  3458 | D:6      | HP: 18/75 [gnoll/+0 vorpal spear (5)]
  3459 | D:6      | 3459 ||| DRINKING potion of heal wounds.
  3463 | D:6      | Reached skill level 6 in Shields
  3552 | D:6      | Found a hide-covered altar of Uskayaw.
  3569 | D:6      | 3569 ||| Stepping ~*~*~tactically~*~*~ (stealth).
  3572 | D:6      | 3572 ||| Stepping ~*~*~tactically~*~*~ (hiding).
  3579 | D:6      | 3579 ||| Stepping ~*~*~tactically~*~*~ (outnumbered).
  3585 | D:6      | 3585 ||| Stepping ~*~*~tactically~*~*~ (outnumbered).
  3811 | D:6      | Found a staircase to the Ecumenical Temple.
  3936 | D:6      | 3936 ||| READING scroll labelled PAWOMP WIDOR.
  3937 | D:6      | 3937 ||| READING scroll labelled PYMNER ZIUL.
  3938 | D:6      | 3938 ||| DRINKING 2 ruby potions.
  3939 | D:6      | 3939 ||| READING 2 scrolls of identify.
  3939 | D:6      | 3939 ||| IDENTIFYING white potion
  3964 | D:7      | Reached skill level 3 in Throwing
  3972 | D:7      | Reached XP level 9. HP: 83/83 MP: 9/9
  4021 | D:7      | Reached skill level 9 in Unarmed Combat
  4041 | D:7      | Found a runed translucent gate.
  4041 | D:7      | Found a runed translucent gate.
  4041 | D:7      | Found a runed translucent gate.
  4084 | D:7      | 4084 ||| Stepping ~*~*~tactically~*~*~ (hiding).
  4326 | D:7      | 4326 ||| INVOKING Fiery Armour.
  4330 | D:7      | 4330 ||| Stepping ~*~*~tactically~*~*~ (outnumbered).
  4331 | D:7      | 4331 ||| Stepping ~*~*~tactically~*~*~ (outnumbered).
  4332 | D:7      | 4332 ||| Stepping ~*~*~tactically~*~*~ (outnumbered).
  4333 | D:7      | 4333 ||| Stepping ~*~*~tactically~*~*~ (outnumbered).
  4334 | D:7      | 4334 ||| Stepping ~*~*~tactically~*~*~ (outnumbered).
  4335 | D:7      | 4335 ||| Stepping ~*~*~tactically~*~*~ (hiding).
  4341 | D:7      | 4341 ||| Stepping ~*~*~tactically~*~*~ (outnumbered).
  4349 | D:7      | 4349 ||| DRINKING 2 potions of curing.
  4349 | D:7      | 4349 ||| (to cure confusion)
  4417 | D:7      | Found a runed translucent door.
  4418 | D:7      | Noticed Crazy Yiuf
  4548 | D:7      | Noticed qw's ghost (novice TeWr)
  4572 | D:7      | 4572 ||| READING 2 scrolls of teleportation.
  4690 | D:8      | Noticed a death yak
  4691 | D:8      | 4691 ||| INVOKING Fiery Armour.
  4692 | D:8      | 4692 ||| Stepping ~*~*~tactically~*~*~ (stealth).
  4702 | D:8      | HP: 15/83 [death yak (16)]
  4703 | D:8      | 4703 ||| READING scroll of teleportation.
  4705 | D:8      | Killed a death yak
  4706 | D:8      | Reached skill level 3 in Dodging
  4709 | D:8      | 4709 ||| Stepping ~*~*~tactically~*~*~ (outnumbered).
  4711 | D:8      | HP: 12/83 [killer bee (6)]
  4712 | D:8      | HP: 5/83 [killer bee (2)]
  4714 | D:8      | HP: 2/83 [orc/+0 trident (2)]
  4719 | D:8      | HP: 1/83 [poisoned by a killer bee]
  4720 | D:8      | Slain by an orc warrior

Levels and vault maps discovered:
D:1:      dpeg_arrival_houses_and_road, layout_basic, corexii_hall_statues_i
D:2:      layout_rooms, shapermc_ecumenical_altar_pompeii,
          minmay_shallow_snake_nest
D:3:      layout_basic, mainiacjoe_overflow_large_starburst
D:4:      minmay_razor_zed, layout_gridville
D:5:      layout_rooms, grunt_gozag_statues, mainiacjoe_overflow_alcove_1,
          mainiacjoe_overflow_boulevard, nzn_wu_jian_contemplation,
          serial_shops, shop, nicolae_stop_n_shop_2
D:6:      layout_cave_pools, overflow_temple_1_default,
          minmay_temple_entry_gardened_gates, nicolae_eternal_life
D:7:      layout_rooms, gammafunk_ghost_icy, uniq_crazy_yiuf_cottage
D:8:      argonaut_augean_stables, layout_basic, dpeg_lair_monsters, uniq_erica,
          uniq_joseph

Skill      XL: |  1  2  3  4  5  6  7  8  9 |
---------------+----------------------------+-----
Unarmed Combat | 4 6 8 9 |  9.6
Fighting       | 3 |  3.4
Shields        | 2 6 7 |  7.0
Throwing       | 1 3 |  3.4
Dodging        | 3 |  3.8
Spellcasting   | |  1.0
Fire Magic     | |  2.1

Action                   |  1- 3 |  4- 6 |  7- 9 || total
-------------------------+-------+-------+-------++-------
Melee: Unarmed           |   112 |   127 |   200 ||   439
       Punch             |     1 |       |     1 ||     2
       Bite              |       |     4 |    15 ||    19
Throw: Large rock        |       |       |    40 ||    40
       Javelin           |       |       |     2 ||     2
Invok: Fiery Armour      |       |     1 |     4 ||     5
  Use: Scroll            |     1 |     6 |    13 ||    20
       Potion            |       |     3 |     6 ||     9
Armor: Robe              |    36 |    44 |   109 ||   189
Dodge: Dodged            |    51 |    35 |    65 ||   151
Block: Kite shield       |       |       |    59 ||    59

Table legend:
 A = Non-vault XP
 B = Vault XP
 C = Vault XP percentage of total XP
 D = Non-vault monster count
 E = Vault monster count
 F = Vault count percentage of total count
                 A         B        C        D         E       F
            +---------+---------+-------+---------+---------+-------
      Total |    3598 |    1163 |  24.4 |     155 |      20 |  11.4
            +---------+---------+-------+---------+---------+-------
        D:1 |      49 |       0 |   0.0 |      29 |       0 |   0.0
        D:2 |      62 |      19 |  23.5 |      21 |       5 |  19.2
        D:3 |      51 |       0 |   0.0 |      24 |       0 |   0.0
        D:4 |     594 |     337 |  36.2 |      19 |      14 |  42.4
        D:5 |     542 |       0 |   0.0 |      17 |       0 |   0.0
        D:6 |     936 |       0 |   0.0 |      23 |       0 |   0.0
        D:7 |     916 |       0 |   0.0 |      16 |       0 |   0.0
        D:8 |     448 |     807 |  64.3 |       6 |       1 |  14.3
            +---------+---------+-------+---------+---------+-------
